 Dungeon Crawl Stone Soup version 0.22.0-75-g3901e79 (webtiles) character file.

39 Starchild the Bolt Thrower (level 3, -3/20 HPs)
             Began as a Kobold Arcane Marksman on Sept 15, 2018.
             Slain by an orc
             ... wielding a +0 flail
              (10 damage)
             ... on level 3 of the Dungeon.
             The game lasted 00:06:26 (1696 turns).

Starchild the Bolt Thrower (Kobold Arcane Marksman) Turns: 1696, Time: 00:06:27

Health: -3/20      AC:  2    Str:  7    XL:     3   Next: 70%
Magic:  4/4        EV: 15    Int: 15    God:
Gold:   75         SH:  0    Dex: 15    Spells: 3/4 levels left

rFire    . . .     SeeInvis .   a - +0 hand crossbow
rCold    . . .     Gourm    .   (shield restricted)
rNeg     . . .     Faith    .   e - +0 robe
rPois    .         Spirit   .   (no helmet)
rElec    .         Reflect  .   (no cloak)
rCorr    .         Harm     .   (no gloves)
MR       .....     Rnd*Tele +   (no boots)
Stlth    +.........             (no amulet)
HPRegen  0.06/turn              c - ring of teleportation (curse)
MPRegen  0.09/turn              (no ring)

@: no status effects
A: small, carnivore
a: no special abilities


You were on level 3 of the Dungeon.
You were not hungry.

You visited 1 branch of the dungeon, and saw 3 of its levels.

You collected 75 gold pieces.

Inventory:

Hand Weapons
 a - a +0 hand crossbow (weapon)
 b - a +0 club
 g - a +0 dagger
Armour
 e - a +0 robe (worn)
Jewellery
 c - a cursed ring of teleportation (left hand)
 j - an uncursed amulet of the acrobat {unknown}
Scrolls
 h - 2 scrolls of identify {unknown}
 i - 2 scrolls of remove curse {unknown}
 k - a scroll of enchant weapon {unknown}
Potions
 l - a potion of mutation {unknown}
 m - a potion of resistance {unknown}
Comestibles
 f - a ration


   Skills:
 - Level 1.1 Fighting
 + Level 4.6 Crossbows
 - Level 2.4 Dodging
 - Level 1.1 Spellcasting
 - Level 3.0 Hexes


You had 3 spell levels left.
You knew the following spells:

 Your Spells              Type           Power        Failure   Level  Hunger
a - Corona                Hex            #......      7%          1    ##.....

Your spell library contained the following spells:

 Spells                   Type           Power        Failure   Level  Hunger
 Slow                     Hex            #.......     11%         2    ###....
 Inner Flame              Hex/Fire       #.......     36%         3    ####...
 Portal Projectile        Hex/Tloc       #.....       36%         3    ####...
 Cause Fear               Hex            #.........   56%         4    #####..
 Leda's Liquefaction      Hex/Erth       #.........   78%         4    #####..


Dungeon Overview and Level Annotations

Branches:
Dungeon (3/15)

Altars:


Innate Abilities, Weirdness & Mutations

You are small and have problems with some larger weapons.
You are carnivorous and can eat meat at any time.


Message History

Firing (i - inventory)
d - 3 bolts (quivered)
Press: ? - help, Shift-Dir - straight line, f/p - orc
Aim: an orc, wielding a flail and wearing a ring mail (heavily wounded)
You shoot a bolt. The bolt barely misses the orc.
The bolt hits the kobold.
The kobold is severely wounded.
The orc barely misses you.
Firing (i - inventory)
d - 2 bolts (quivered)
Press: ? - help, Shift-Dir - straight line, f/p - orc
Aim: an orc, wielding a flail and wearing a ring mail (heavily wounded)
You shoot a bolt. The bolt completely misses the orc.
The bolt barely misses the kobold.
The orc misses you.
Firing (i - inventory)
d - a bolt (quivered)
Press: ? - help, Shift-Dir - straight line, f/p - orc
Aim: an orc, wielding a flail and wearing a ring mail (heavily wounded)
You shoot a bolt.
The bolt hits the orc but does no damage.
The orc is heavily wounded.
The orc hits you with a flail!
Ouch! That really hurt!
You die...

##.#########+#.#........
....... #.#########
##..... ... .(..... ..#
....... .......###
#.o...sK# #.#####o# #@#
.. #.# #.. #.# ##..###
#.# ...>... #.#
.......##.# ........#'##
...........#
...........#


You could see an orc, a giant cockroach and a kobold.

Vanquished Creatures
  A leopard gecko (D:3)
  A ball python (D:3)
  3 giant cockroaches
  5 goblins
  5 hobgoblins (D:1)
  3 jackals (D:3)
  11 bats
  3 frilled lizards (D:1)
  2 rats (D:1)
34 creatures vanquished.

Notes
Turn   | Place    | Note
-------+----------+-------------------------------------------
     0 | D:1      | Starchild the Kobold Arcane Marksman began the quest for
                  | the Orb.
     0 | D:1      | Reached XP level 1. HP: 12/12 MP: 2/2
   112 | D:1      | Reached skill level 3 in Crossbows
   134 | D:1      | Reached XP level 2. HP: 6/16 MP: 3/3
   904 | D:1      | Reached skill level 4 in Crossbows
   904 | D:1      | Reached XP level 3. HP: 19/20 MP: 4/4
  1696 | D:3      | Slain by an orc

Skill      XL: |  1  2 |
---------------+-------+-----
Crossbows      | 3 4 |  4.6
Fighting       | |  1.1
Dodging        | |  2.4
Spellcasting   | |  1.1
Hexes          | |  3.0

Action                   || total
-------------------------++-------
Melee: Club              ||    60
       Dagger            ||    72
 Fire: Hand crossbow     ||    42
 Cast: Corona            ||     2
 Stab: Sleeping          ||     2
       Distracted        ||     1
  Eat: Chunk             ||     5
Armor: Robe              ||    39
Dodge: Dodged            ||   196
